 Dungeon Crawl Stone Soup version 0.23.2-40-g277498a001 (webtiles) character file.

Game seed: 13530377395793843065

49 KnightHorse the Sneak (level 3, 0/14 HPs)
             Began as a Felid Venom Mage on Oct 1, 2019.
             Succumbed to an adder's poison
             ... on level 1 of the Dungeon.
             The game lasted 00:08:08 (1412 turns).

KnightHorse the Sneak (Felid Venom Mage)            Turns: 1412, Time: 00:08:08

Health: 0/14       AC:  1    Str:  4    XL:     3   Next: 51%
Magic:  1/7        EV: 19    Int: 17    God:
Gold:   69         SH:  0    Dex: 16    Spells: 0/6 levels left
                                        Lives:  0   Deaths: 0

rFire    . . .     SeeInvis +   (weapon unavailable)
rCold    . . .     Gourm    .   (shield unavailable)
rNeg     . . .     Faith    .   (armour unavailable)
rPois    .         Spirit   .   (helmet unavailable)
rElec    .         Reflect  .   (cloak unavailable)
rCorr    .         Harm     .   (gloves unavailable)
MR       .....                  (boots unavailable)
Stlth    +++.......             (no amulet)
HPRegen  0.04/turn              (no ring)
MPRegen  0.10/turn              (no ring)

@: lethally poisoned (0 -> -12), very slightly contaminated, quick
A: very small, no armour, no weapons or thrown items, stealth, claws 1, fangs 3,
see invisible, carnivore, speed 1, shaggy fur 1, slow metabolism 1, sharp paws
a: no special abilities


You were on level 1 of the Dungeon.
You were not hungry.

You visited 1 branch of the dungeon, and saw 2 of its levels.

You collected 69 gold pieces.

Inventory:

Comestibles
 b - 4 rations


   Skills:
 * Level 3.4 Dodging
 * Level 3.4 Stealth
 + Level 0.8 Unarmed Combat
 + Level 2.2 Spellcasting
 + Level 1.3 Conjurations
 * Level 3.0 Poison Magic


You couldn't memorise any spells.
You knew the following spells:

 Your Spells              Type           Power        Failure   Level  Hunger
a - Sting                 Conj/Pois      #...         8%          1    #......
b - Poisonous Vapours     Pois/Air       #.....       16%         2    ###....
c - Mephitic Cloud        Conj/Pois/Air  #.......     30%         3    ###....

Your spell library contained the following spells:

 Spells                   Type           Power        Failure   Level  Hunger
 Olgreb's Toxic Radiance  Pois           ##......     47%         4    #####..
 Venom Bolt               Conj/Pois      #.........   91%         5    ######.


Dungeon Overview and Level Annotations

Branches:
Dungeon (2/15)

Altars:


Innate Abilities, Weirdness & Mutations

You cannot wear armour.
You are incapable of wielding weapons or throwing items.
Your paws allow you to move quietly. (Stealth)
You have sharp claws.
You have razor-sharp teeth.
You have supernaturally acute eyesight. (SInv)
You are carnivorous and can eat meat at any time.
You cover ground quickly.
You are covered in fur. (AC +1)
You have a slow metabolism.
Your sharp claws are effective at attacking unaware monsters.


Message History

* * * LOW HITPOINT WARNING * * *
You are more poisoned.
The adder poisons you!
You miss the adder.
The adder is almost dead.
* * * LOW HITPOINT WARNING * * *
You feel sick. The adder closely misses you. x2
You scratch the adder.
You kill the adder!
* * * LOW HITPOINT WARNING * * *
You feel sick.
You see here an adder corpse.
You aren't carrying any potions.
As you read the scroll labeled LANNEI BIUMMIN, it crumbles to dust.
The scroll dissolves into smoke.
It was a scroll of fog.
* * * LOW HITPOINT WARNING * * *
You feel sick.
Unknown command.
There is a stone staircase leading down here.
You die...

#####..#'#..#....#
#.>##.......'....#
#.###...8...#..([#
.[.####.(.###....#
...# ##### #....#
#### #######....#
#....####§.# #..†.#
##§# #..#######@#
#......§§§§#
#.###########
#....#..))..#
#####.#.####.######
#.......# #......#
#.###.### ######)#
#.#.....# #.#
#.#...#.# #.#


There were no monsters in sight!

Vanquished Creatures
  An adder (D:1)
  2 oozes (D:1)
  4 dart slugs (D:1)
  A goblin (D:1)
  4 hobgoblins (D:1)
  A jackal (D:1)
  A bat (D:1)
  A frilled lizard (D:1)
  7 kobolds (D:1)
  4 rats (D:1)
26 creatures vanquished.

Notes
Turn   | Place    | Note
-------+----------+-------------------------------------------
     0 | D:1      | KnightHorse the Felid Venom Mage began the quest for the
                  | Orb.
     0 | D:1      | Reached XP level 1. HP: 7/7 MP: 4/4
   137 | D:1      | Reached skill level 1 in Conjurations
   288 | D:1      | Reached XP level 2. HP: 11/11 MP: 0/6
   292 | D:1      | Learned a level 2 spell: Poisonous Vapours
   802 | D:1      | Reached XP level 3. HP: 14/14 MP: 0/7
   992 | D:1      | Learned a level 3 spell: Mephitic Cloud
  1412 | D:1      | Succumbed to an adder's poison

Skill      XL: |  1  2  3 |
---------------+----------+-----
Conjurations   | 1 |  1.3
Stealth        | 3 |  3.4
Dodging        | 3 |  3.4
Poison Magic   | 3 |  3.0
Unarmed Combat | |  0.8
Spellcasting   | |  2.2

Action                   || total
-------------------------++-------
Melee: Unarmed           ||    29
 Cast: Sting             ||    53
  Use: Scroll            ||     1
  Eat: Chunk             ||     4
Dodge: Dodged            ||    43
